 Dungeon Crawl Stone Soup version 0.30-a0-568-g124715a40b (webtiles) character file.

Game seed: 8660794647729099206

99743 oldriver the Bludgeoner (level 16, -5/160 HPs)
             Began as a Naga Artificer on Dec 28, 2022.
             Was the Champion of Wu Jian.
             Slain by a boulder beetle (38 damage)
             ... on level 4 of the Spider Nest.
             The game lasted 00:57:57 (27241 turns).

oldriver the Bludgeoner (Naga Artificer)           Turns: 27241, Time: 00:57:58

Health: -5/160     AC: 23    Str: 26    XL:     16   Next: 25%
Magic:  16/16      EV: 10    Int: 12    God:    Wu Jian [******]
Gold:   2595       SH: 12    Dex: 12    Spells: 15/15 levels left

rFire   . . .      SeeInvis +    g - +6 morningstar of Modesty {freeze, rF+}
rCold   + . .      Faith    .    T - +2 kite shield {AC+3}
rNeg    + . .      Spirit   .    D - +3 scale mail of Antique Birdsong {Will+}
rPois   +          Reflect  .    h - +1 helmet
rElec   +          Harm     .    I - +0 cloak
rCorr   +          Rampage  .    x - +2 pair of gloves
Will    +++..                    (no barding)
Stlth   +++                      n - amulet "Ocwoo" {Regen+ Str+6 Stlth-}
HPRegen 1.26/turn                N - ring of Foett {Ice rN+ rCorr}
MPRegen 0.15/turn                w - ring of Nytaz {+Blink rElec Int+2 SInv}

@: lethally poisoned (-5 -> -16), exhausted, about to teleport, spiked, studying
Dodging, very slow
A: AC +5, large, see invisible, deformed body, poison resistance, slowness 2,
spit poison 1, naga tail 2, clumsy 1, dopey 1
a: Spit Poison, Renounce Religion, Evoke Blink, Wall Jump, Serpent's Lash,
Heavenly Storm


You were on level 4 of the Spider Nest.
You worshipped Wu Jian.
Wu Jian was exalted by your worship.
You visited 4 branches of the dungeon, and saw 24 of its levels.
You also visited: Sewer, Bailey and Gauntlet.

You collected 3336 gold pieces.
You spent 741 gold pieces at shops.

Inventory:

Hand Weapons
 g - the +6 morningstar of Modesty (weapon) {freeze, rF+}
   (You found it in a bailey)

   It freezes those it strikes, dealing additional cold damage.
   It can also slow down cold-blooded creatures.
   rF:        It protects you from fire.
Missiles
 e - 9 poisoned darts
 t - a throwing net
 y - 6 atropa-tipped darts
 G - 4 silver javelins
 L - 2 silver boomerangs
 R - 3 boomerangs of dispersal
Armour
 h - a +1 helmet (worn)
 x - a +2 pair of gloves (worn)
 D - the +3 scale mail of Antique Birdsong (worn) {Will+}
   (You bought it in a shop on level 6 of the Dungeon)

   Will:      It increases your willpower.
 I - a +0 cloak (worn)
 T - a +2 kite shield of protection (worn)
Jewellery
 n - the amulet "Ocwoo" (around neck) {Regen+ Str+6 Stlth-}
   (You acquired it in a bailey)

   [amulet of regeneration]

   Str:       It affects your strength (+6).
   Regen:     It increases your rate of health regeneration.
   Stlth:     It makes you less stealthy.
 w - the ring of Nytaz (right hand) {+Blink rElec Int+2 SInv}
   (You found it in a Gauntlet)

   [ring of see invisible]

   Int:       It affects your intelligence (+2).
   rElec:     It insulates you from electricity.
   SInv:      It lets you see invisible.
   +Blink:    It lets you blink.
 B - an amulet of faith
 E - a ring of fire
 N - the ring of Foett (left hand) {Ice rN+ rCorr}
   (You found it in a Gauntlet)

   [ring of ice]

   It enhances your ice magic.
   rF:        It makes you vulnerable to fire.
   rC:        It protects you from cold.
   rN:        It protects you from negative energy.
   rCorr:     It protects you from acid and corrosion.
 S - a ring of protection from fire
Wands
 C - a wand of paralysis (24)
 F - a wand of roots (13)
 H - a wand of acid (7)
 J - a wand of digging (3)
 V - a wand of flame (13)
 Y - a wand of mindburst (1)
Scrolls
 d - 6 scrolls of enchant armour
 f - 2 scrolls of enchant weapon
 k - 4 scrolls of fear
 l - 4 scrolls of fog
 m - 5 scrolls of poison
 u - a scroll of amnesia
 v - 5 scrolls of teleportation
 K - 9 scrolls of identify
 P - 2 scrolls of immolation
 U - a scroll of butterflies
 X - 2 scrolls of magic mapping
 Z - 2 scrolls of blinking
Potions
 a - 5 potions of resistance
 b - a potion of might
 c - 2 potions of cancellation
 i - 5 potions of haste
 j - 3 potions of ambrosia
 o - a potion of lignification
 p - 8 potions of heal wounds
 r - 12 potions of curing
 s - 9 potions of mutation
 z - 10 potions of flight
 A - 3 potions of invisibility
Miscellaneous
 q - a phial of floods
 M - a tin of tremorstones (inert)
 W - a box of beasts


   Skills:
 + Level 14.5 Fighting
 - Level 16.0 Maces & Flails
 - Level 3.0 Throwing
 + Level 8.1 Armour
 + Level 9.5 Dodging
 - Level 13.0 Stealth
 + Level 6.8 Shields
 + Level 9.3 Evocations


You had 15 spell levels left.
You didn't know any spells.
Your spell library contained the following spells:

 Spells                   Type           Power      Damage    Failure   Level
 Kiss of Death            Conj/Necr      0%         2d5       82%         1
 Shock                    Conj/Air       0%         1d3       82%         1
 Sting                    Tmut/Pois      0%         1d3       82%         1
 Summon Small Mammal      Summ           0%         N/A       82%         1
 Cigotuvi's Dreadful Rot  Necr/Pois/Air  0%         N/A       91%         2
 Ensorcelled Hibernation  Hex/Ice        0%         N/A       91%         2
 Passwall                 Tmut/Erth      0%         N/A       91%         2
 Poisonous Vapours        Pois/Air       0%         N/A       91%         2
 Sublimation of Blood     Necr           0%         N/A       91%         2
 Wereblood                Tmut           0%         N/A       91%         2
 Call Canine Familiar     Summ           0%         N/A       99%         3
 Confusing Touch          Hex            0%         N/A       99%         3
 Dazzling Flash           Conj/Hex       0%         N/A       99%         3
 Gell's Gravitas          Tloc           0%         N/A       99%         3
 Inner Flame              Hex/Fire       0%         N/A       99%         3
 Mephitic Cloud           Conj/Pois/Air  0%         N/A       99%         3
 Summon Guardian Golem    Hex/Summ       0%         N/A       99%         3
 Swiftness                Air            0%         N/A       99%         3
 Teleport Other           Tloc           0%         N/A       99%         3
 Dispel Undead            Necr           0%         3d6       100%        4
 Flame Wave               Conj/Fire      0%         2d4       100%        4
 Manifold Assault         Tloc           0%         N/A       100%        4
 Olgreb's Toxic Radiance  Pois           0%         N/A       100%        4
 Passage of Golubria      Tloc           0%         N/A       100%        4
 Petrify                  Tmut/Erth      0%         N/A       100%        4
 Sticky Flame             Conj/Fire      0%         2d3       100%        4
 Summon Ice Beast         Ice/Summ       0%         N/A       100%        4
 Agony                    Necr           0%         N/A       100%        5
 Irradiate                Conj/Tmut      0%         3d11      100%        5
 Silence                  Hex/Air        0%         N/A       100%        5
 Summon Forest            Summ/Tloc      0%         N/A       100%        5
 Summon Mana Viper        Hex/Summ       0%         N/A       100%        5
 Conjure Ball Lightning   Conj/Air       0%         3x3d6     100%        6
 Dispersal                Tloc           0%         N/A       100%        6
 Summon Cactus Giant      Summ           0%         N/A       100%        6
 Monstrous Menagerie      Summ           0%         N/A       100%        7
 Summon Hydra             Summ           0%         N/A       100%        7
 Disjunction              Tloc           0%         N/A       100%        8
 Lehudib's Crystal Spear  Conj/Erth      0%         10d2      100%        8
 Chain Lightning          Conj/Air       0%         N/A       100%        9


Dungeon Overview and Level Annotations

Branches:
Dungeon (13/15)            Temple (0/1) D:5            Lair (5/5) D:10
  Swamp (0/4) Lair:2       Spider (4/4) Lair:2        Slime (0/5) Lair:5
    Orc (2/2) D:9             Elf (0/3) Orc:2         Sewer (visited)
 Bailey (visited)         Gauntlet (visited)
 Vaults: D:13-14

Altars:
Ashenzari
Cheibriados
Makhleb
Uskayaw
Wu Jian
Yredelemnul
The Shining One

Shops:
D:6 [   D:11 ?   D:12 !   Orc:1 [   Orc:2 =[(*

Annotations:
D:6 3 runed translucent doors, Taurus's ghost, novice MiFi


Innate Abilities, Weirdness & Mutations

Your serpentine skin is tough. (AC +5)
You have supernaturally acute eyesight. (SInv)
Armour fits poorly on your strangely shaped body.
Your system is resistant to poisons. (rPois)
You cover ground very slowly.
You can spit poison.
You can use your snake-like lower body to constrict enemies.
You are clumsy. (Dex -2)
You are dopey. (Int -2)


Message History

The burst of rock shards engulfs the demonic crawler.
You feel extremely sick.
You hear a hideous shriek!
The steelbarb worm hits you.
Barbed spikes become lodged in your body.
The emperor scorpion barely misses you. x3
A spark wasp comes into view.
The tremorstone explodes into fragments!
The burst of rock shards engulfs the steelbarb worm!
The burst of rock shards engulfs you!
The burst of rock shards engulfs the emperor scorpion.
The burst of rock shards engulfs the boulder beetle! x2
The burst of rock shards engulfs the emperor scorpion.
The burst of rock shards engulfs the steelbarb worm but does no damage.
The burst of rock shards engulfs the steelbarb worm!!
The burst of rock shards engulfs you.
The burst of rock shards engulfs the emperor scorpion but does no damage.
The burst of rock shards engulfs the boulder beetle!
The burst of rock shards engulfs the boulder beetle but does no damage.
The tin is emptied!
You feel extremely sick.
You hear an angry buzzing noise.
You block the steelbarb worm's attack.
The emperor scorpion stings you but does no damage.
The emperor scorpion claws you but does no damage.
You block the emperor scorpion's attack.
A meliai comes into view. It is wielding a +1 antimagic war axe.
A moth of wrath comes into view.
The steelbarb worm closely misses you.
The demonic crawler shrieks in warning!
You hear a hideous shriek! x2
Okay, then.
As you read the scroll of teleportation, it crumbles to dust.
You feel strangely unstable.
You feel very sick. The emperor scorpion stings you!
* * * LOW HITPOINT WARNING * * *
The emperor scorpion claws you but does no damage. x2
The boulder beetle hits you!!!
You die...

### ##..# ##....### #
#.......# ###### #.....#
.....# #.....## .#
.....## ##†..# ..##
(.....### #####..B.##(..#
#.....#.###....†@s°°.....
#........#..†....w.......
^...(...^...†.......yy(..
.......#...†^##....#s...#
..##.###....###..((#.y.#.
.##### ##.^###....##...#
## ####.....## ... #
#......# ..# # ##....##


You could see an emperor scorpion, a boulder beetle (rolling), a steelbarb worm,
a spark wasp, a demonic crawler (catching breath), a moth of wrath and a meliai.

Vanquished Creatures
  Rupert (Orc:2)
  An orc warlord (Orc:2)
  A spark wasp (Spider:2)
  A minotaur (Gauntlet)
  2 entropy weavers
  Josephine (Lair:3)
  2 vault guards (D:13)
  5 hydras
  3 radroaches
  4 boulder beetles
  2 jorogumos (Spider:1)
  2 centaur warriors
  A tengu warrior (D:13)
  2 two-headed ogres
  A death yak (Lair:3)
  13 spriggans (Lair:5)
  An orc high priest (Orc:2)
  A fire crab (Gauntlet)
  5 pharaoh ants
  3 sixfirhies (Gauntlet)
  9 steelbarb worms
  5 orb spiders
  A deep elf pyromancer (D:13)
  A bog body (Lair:2)
  2 ugly things
  Pikel (D:5)
  3 orc knights
  6 wolf spiders
  A moth of wrath (Spider:2)
  5 manticores
  8 orc sorcerers
  4 cyclopes
  3 black mambas
  10 cane toads
  7 komodo dragons
  5 torpor snails
  4 kobold demonologists
  4 demonic crawlers
  5 meliai
  6 hornets
  12 tarantellas
  8 polar bears
  6 trolls
  5 dream sheep (Lair:5)
  3 slime creatures (Lair:5)
  16 blink frogs
  Sigmund (D:3)
  8 jumping spiders
  8 culicivoras
  2 wyverns (Lair:2)
  5 shadows
  2 vampires
  3 fire bats (Gauntlet)
  A basilisk (Lair:1)
  7 wraiths
  49 yaks
  26 redbacks
  4 steam dragons
  3 swamp worms (Lair:2)
  16 water moccasins
  7 wargs
  An acid dragon (D:13)
  An ice beast (D:6)
  9 black bears
  39 orc warriors
  A sky beast (D:7)
  4 boggarts (Lair:5)
  9 centaurs
  25 wolves
  5 ogres
  2 lemures (D:5)
  A phantom (D:5)
  3 kobold brigands
  17 bullfrogs
  A gnoll sergeant (D:8)
  5 scorpions
  A necrophage (D:6)
  5 wights (D:8)
  6 killer bees (D:7)
  3 howler monkeys (D:13)
  10 electric eels
  A lava snake (D:7)
  8 jellies
  17 orc priests
  A hound (D:5)
  A gnoll bouda (D:6)
  8 iguanas
  22 orc wizards
  A human simulacrum (D:11)
  8 adders
  A river rat (D:6)
  20 gnolls
  A shadow imp (D:5)
  A white imp (D:7)
  An ufetubus (D:4)
  2 worms (D:6)
  A dart slug (D:1)
  62 orcs
  3 bats
  13 endoplasms
  5 giant cockroaches
  18 hobgoblins
  5 jackals
  4 quokkas
  14 ball pythons
  3 frilled lizards
  15 goblins
  10 kobolds
  9 rats
  2 butterflies (Lair:5)
739 creatures vanquished.

Vanquished Creatures (collateral kills)
  An orc knight (Orc:2)
  A phantom (D:5)
  A gnoll (D:4)
  An adder (D:5)
  A white imp (D:7)
  2 orcs
  2 goblins (Bailey)
  2 jackals (D:4)
11 creatures vanquished.

Vanquished Creatures (others)
  3 gnoll boudas
  2 orc wizards
  A human simulacrum (D:11)
  3 gnolls (D:4)
  59 fungi
  45 plants
113 creatures vanquished.

Grand Total: 863 creatures vanquished

Notes
Turn   | Place    | Note
-------+----------+-------------------------------------------
     0 | D:1      | oldriver the Naga Artificer began the quest for the Orb.
     0 | D:1      | Reached XP level 1. HP: 18/18 MP: 1/1
   314 | D:1      | Reached XP level 2. HP: 2/25 MP: 2/2
   619 | D:1      | Reached XP level 3. HP: 13/32 MP: 3/3
  1172 | D:2      | You fall into a shaft and drop 2 floors!
  1217 | D:4      | Reached XP level 4. HP: 34/40 MP: 4/4
  1496 | D:4      | Noticed a scorpion
  1533 | D:4      | Killed a scorpion
  1534 | D:4      | Reached skill level 5 in Stealth
  1534 | D:4      | Reached XP level 5. HP: 19/49 MP: 5/5
  1772 | D:4      | Found a basalt altar of Yredelemnul.
  2705 | D:2      | Found a faded altar of an unknown god.
  3019 | D:3      | Reached XP level 6. HP: 54/57 MP: 6/6
  3105 | D:3      | Found a snail-covered altar of Cheibriados.
  3355 | D:3      | Found an ornate altar of the Wu Jian Council.
  3456 | D:3      | Noticed Sigmund
  3458 | D:3      | Killed Sigmund
  3577 | D:3      | Became a worshipper of the Wu Jian Council
  3900 | D:5      | Entered Level 5 of the Dungeon
  4050 | D:5      | Reached XP level 7. HP: 64/66 MP: 7/7
  4203 | D:5      | Noticed Pikel
  4208 | D:5      | Killed Pikel
  4209 | D:5      | Reached skill level 5 in Fighting
  4209 | D:5      | Reached XP level 8. HP: 75/75 MP: 8/8
  4316 | D:5      | Reached skill level 1 in Maces & Flails
  4381 | D:5      | Found a staircase to the Ecumenical Temple.
  4462 | D:5      | Found the Hermit's Pendant {Faith Invo=14 Evo=0 MP+5}
  4506 | D:5      | Reached skill level 2 in Maces & Flails
  4562 | D:5      | Reached skill level 3 in Maces & Flails
  4906 | D:5      | Reached skill level 4 in Maces & Flails
  5066 | D:5      | Reached skill level 5 in Maces & Flails
  5392 | D:5      | Reached XP level 9. HP: 85/85 MP: 9/9
  5837 | D:5      | Reached skill level 6 in Maces & Flails
  6213 | D:6      | Found Wahifeif's Antique Armour Boutique.
  6487 | D:6      | Reached * piety under Wu Jian
  6622 | D:6      | Found a glowing drain.
  6626 | Sewer    | Entered a sewer
  6836 | Sewer    | Reached skill level 7 in Maces & Flails
  6866 | Sewer    | Found a viscous altar of Jiyva.
  6993 | D:6      | Reached ** piety under Wu Jian
  7043 | D:6      | Found a runed translucent gate.
  7043 | D:6      | Noticed a kobold demonologist
  7044 | D:6      | Found a runed translucent gate.
  7045 | D:6      | Found a runed translucent gate.
  7050 | D:6      | Noticed Taurus's ghost (novice MiFi)
  7206 | D:6      | Bought a slimy scale mail for 252 gold pieces
  7206 | D:6      | Identified the +3 scale mail of Antique Birdsong {Will+}
                  | (You bought it in a shop on level 6 of the Dungeon)
  8072 | D:7      | Reached skill level 8 in Maces & Flails
  8276 | D:7      | Reached XP level 10. HP: 97/97 MP: 10/10
  8743 | D:7      | Found a hide-covered altar of Uskayaw.
  8856 | D:7      | Paralysed by a hornet for 2 turns
  8860 | D:7      | Reached skill level 9 in Maces & Flails
  8899 | D:7      | HP: 4/98 [orc warrior/+0 mace (14)]
  9293 | D:7      | Identified a scroll of acquirement
  9565 | D:8      | Reached skill level 10 in Maces & Flails
  9929 | D:8      | Found a flagged portal.
  9936 | D:8      | Reached *** piety under Wu Jian
  9953 | Bailey   | Entered a bailey
 10239 | Bailey   | Noticed a kobold demonologist
 10260 | Bailey   | Killed a kobold demonologist
 11121 | Bailey   | Reached skill level 11 in Maces & Flails
 11291 | Bailey   | Reached XP level 11. HP: 67/108 MP: 11/11
 11553 | Bailey   | Found an iron altar of Okawaru.
 11553 | Bailey   | Noticed an orc sorcerer
 11599 | Bailey   | Gained mutation: You have hidden genetic defects. [a
                  | neqoxec]
 11600 | Bailey   | Killed an orc sorcerer
 11601 | Bailey   | Reached skill level 10 in Fighting
 11723 | Bailey   | Identified the +6 morningstar of Modesty {freeze, rF+}
 11853 | Bailey   | Acquired 838 gold pieces
 11855 | Bailey   | Acquired a phial of floods
 11857 | Bailey   | Acquired the amulet "Ocwoo" {Regen+ Str+6 Stlth-}
 12630 | D:9      | Found a broken altar of Ashenzari.
 12750 | D:9      | Found a staircase to the Orcish Mines.
 13441 | D:6      | Bought a shiny helmet for 210 gold pieces
 13574 | D:10     | Entered Level 10 of the Dungeon
 13786 | D:10     | Gained mutation: You are clumsy. (Dex -2) [hidden defects]
 13814 | D:10     | Reached skill level 1 in Shields
 13956 | D:10     | Noticed a manticore
 13958 | D:10     | Killed a manticore
 14079 | D:10     | Found a staircase to the Lair.
 14109 | D:10     | Found a glowing golden altar of the Shining One.
 14110 | D:10     | Found a burning altar of Makhleb.
 14271 | Lair:1   | Entered Level 1 of the Lair of Beasts
 14271 | Lair:1   | Found a gate leading to a gauntlet.
 14283 | Lair:1   | Reached skill level 12 in Maces & Flails
 14291 | Lair:1   | Reached skill level 10 in Stealth
 14301 | Lair:1   | Gained mutation: You are dopey. (Int -2) [hidden defects]
 14301 | Lair:1   | Lost mutation: You have hidden genetic defects. [hidden
                  | defects expressed]
 14303 | Gauntlet | Entered a Gauntlet
 14303 | Gauntlet | Found a transporter.
 14303 | Gauntlet | Found a transporter.
 14305 | Gauntlet | Noticed a fire crab
 14310 | Gauntlet | Noticed a wizard
 14345 | Gauntlet | Found a transporter.
 14349 | Gauntlet | Found a transporter.
 14358 | Gauntlet | Found a transporter.
 14361 | Gauntlet | Found a transporter.
 14363 | Gauntlet | Noticed a wretched star
 14365 | Gauntlet | Found a runed translucent door.
 14365 | Gauntlet | Found a runed translucent door.
 14369 | Gauntlet | Found a transporter.
 14383 | Gauntlet | Noticed a sixfirhy
 14384 | Gauntlet | Found a runed translucent door.
 14385 | Gauntlet | Found a transporter.
 14385 | Gauntlet | Noticed a sixfirhy
 14386 | Gauntlet | Found a runed translucent door.
 14387 | Gauntlet | Noticed a sixfirhy
 14399 | Gauntlet | Found a transporter.
 14403 | Gauntlet | Found a transporter.
 14411 | Gauntlet | Found a transporter.
 14415 | Gauntlet | Found a transporter.
 14502 | Gauntlet | Killed a fire crab
 14502 | Gauntlet | Reached **** piety under Wu Jian
 14603 | Gauntlet | Identified the ring of Foett {Ice rN+ rCorr}
 14677 | Gauntlet | Killed a sixfirhy
 14678 | Gauntlet | Reached XP level 12. HP: 67/117 MP: 12/12
 14738 | Gauntlet | Identified the ring of Nytaz {+Blink rElec Int+2 SInv}
 14795 | Gauntlet | Noticed a minotaur
 14812 | Gauntlet | Killed a minotaur
 14833 | Gauntlet | Identified the +1 ring mail "Gaukaot" {rElec rCorr Stlth+}
 15279 | Lair:1   | Reached skill level 13 in Maces & Flails
 15974 | Lair:2   | Noticed an eight-headed hydra
 15980 | Lair:2   | Killed an eight-headed hydra
 16136 | Lair:2   | Found a hole to the Spider Nest.
 16566 | Lair:2   | Found a staircase to the Swamp.
 16664 | Lair:2   | Noticed a five-headed hydra
 16672 | Lair:2   | Killed a five-headed hydra
 16673 | Lair:2   | Gained mutation: You can use your snake-like lower body to
                  | constrict enemies. [Naga growth]
 16673 | Lair:2   | Reached XP level 13. HP: 116/127 MP: 13/13
 16760 | Lair:2   | Reached skill level 5 in Armour
 17039 | Lair:3   | Reached skill level 5 in Dodging
 17259 | Lair:3   | Noticed Josephine
 17269 | Lair:3   | Killed Josephine
 17277 | Lair:3   | Reached skill level 5 in Shields
 17640 | Lair:3   | Reached skill level 14 in Maces & Flails
 17968 | Lair:4   | Reached ***** piety under Wu Jian
 18849 | Lair:5   | Entered Level 5 of the Lair of Beasts
 18869 | Lair:5   | Got the Precepts of Weather
 19127 | Lair:5   | Reached skill level 15 in Maces & Flails
 19161 | Lair:5   | Reached XP level 14. HP: 51/139 MP: 14/14
 19346 | Lair:5   | Reached skill level 5 in Evocations
 19533 | Lair:5   | Identified the +3 leather armour of the Buccaneer {*Slow
                  | Str+5 SInv}
 19630 | Lair:5   | Acquired a manual of Dodging
 19666 | Lair:5   | Found a staircase to the Slime Pits.
 19714 | Lair:5   | Identified the +0 leather armour of the Cobbler {rF+ Str+3
                  | Int-5}
 19964 | D:11     | Found Yfyhup's Magic Scroll Shoppe.
 19987 | D:11     | Bought a scroll of teleportation for 30 gold pieces
 19987 | D:11     | Bought a scroll of fear for 40 gold pieces
 20012 | D:11     | Reached ****** piety under Wu Jian
 20694 | D:12     | Found Qoucko's Distillery.
 20756 | D:12     | Reached skill level 16 in Maces & Flails
 21670 | Orc:1    | Entered Level 1 of the Orcish Mines
 21670 | Orc:1    | Found Radin's Armour Shop.
 21788 | Orc:2    | Entered Level 2 of the Orcish Mines
 22350 | Orc:2    | Found Odweisec's General Store.
 22438 | Orc:2    | Noticed an orc warlord
 22441 | Orc:2    | Reached XP level 15. HP: 142/148 MP: 15/15
 22454 | Orc:2    | Killed an orc warlord
 22507 | Orc:2    | Found Adgho's Antique Weapon Boutique.
 22684 | Orc:2    | Found a staircase to the Elven Halls.
 22686 | Orc:2    | Found Xarcho Nati's Antique Armour Boutique.
 22698 | Orc:2    | Noticed Rupert
 22718 | Orc:2    | Killed Rupert
 22919 | Orc:2    | Bought a dazzling chain mail for 209 gold pieces
 22919 | Orc:2    | Identified the +0 chain mail of the Twisting Gods {Str+5}
                  | (You bought it in a shop on level 2 of the Orcish Mines)
 22950 | Orc:2    | Found Widiko's Jewellery Emporium.
 23607 | Spider:1 | Entered Level 1 of the Spider Nest
 26270 | Spider:3 | Reached XP level 16. HP: 160/160 MP: 16/16
 26548 | Spider:4 | Entered Level 4 of the Spider Nest
 27241 | Spider:4 | Slain by a boulder beetle

Illustrated notes

Levels and vault maps discovered:
D:1:      dpeg_arrival_pond, layout_loops_ring, minmay_tall_x
D:2:      layout_basic, ebering_ecumenical_altar_petrified
D:3:      layout_basic, mainiacjoe_overflow_surrounded_room, lemuel_tele_altar,
          uniq_robin, uniq_sigmund
D:4:      layout_basic, general_overflow_altar, corexii_item_surrounded_by_moat
D:5:      minmay_razor_zed, layout_cave_pods, minmay_temple_entry_glassed_door,
          uniq_pikel
D:6:      layout_basic, gammafunk_ghost_nasty_kobolds, gup_sewer_entry_spiral,
          kennysheep_windowed_goal
D:7:      minmay_opposing_rooms, layout_rooms, nicolae_uskayaw_suspiria,
          hangedman_decor_clover_reticule
D:8:      cheibrodos_elevator_heist, layout_basic, enter_bailey_3,
          lightli_ossuary_entry_decrepit_ruins, chequers_arboretum,
          hangedman_abyss_or_decor_jellyfish_corner, lemuel_flamethrower_2
D:9:      layout_loops_ring, nicolae_ashenzari_panopticon, orc_0_dummy,
          feat_on_display
D:10:     layout_loops_ring, gammafunk_temple_overflow_pools,
          due_lair_maze_entry_diamond
D:11:     layout_basic, serial_glass, glass_columns_c, glass_columns_b,
          serial_shops, nicolae_shop_statue_plus, bh_circular_ruins
D:12:     layout_long_grid, serial_shops, nicolae_lakefront_shop
D:13:     layout_grid_maze, lightli_vaults_fourway_checkpoint, serial_shops,
          shop, nicolae_kite_square_tiling_tiny
Lair:1:   layout_hall_layers, gauntlet_entry_generic, st_stairs_8,
          lemuel_fruit_tree, serial_bayou_shore_b
Lair:2:   layout_regular_city, nicolae_swamp_entry_splash_gauntlet,
          nicolae_spider_entry_orb_guardian, grunt_megastairs_3
Lair:3:   layout_hall_layers, grunt_forest_large_clearing_hut,
          serial_bayou_shore_b, uniq_josephine
Lair:4:   layout_regular_city, gammafunk_lair_bear_cave
Lair:5:   minmay_lair_end_enchanted_forest, layout_big_grid,
          minmay_slime_entry_pillars, lemuel_fruit_fields
Spider:1: layout_spider_delve, hangedman_spider_tarantella_strand
Spider:2: layout_spider_delve
Spider:3: layout_spider_delve, nicolae_spider_twisty_arc_passages
Spider:4: hellmonk_spider_rune_bug_friends
Orc:1:    layout_diamond_mine, serial_shops, shop
Orc:2:    grunt_orc_gardens, layout_caves, grunt_orc_garden, grunt_orc_garden,
          grunt_orc_garden, grunt_orc_garden, nicolae_orc_sculptors_studio,
          uniq_rupert

Skill      XL: |  1  2  3  4  5  6  7  8  9 10 11 12 13 14 15 16 |
---------------+-------------------------------------------------+-----
Stealth        | 2 3 4 5 6 7 9 10 11 13 | 13.0
Fighting       | 2 3 4 5 6 8 9 10 11 12 13 14 | 14.5
Throwing       | 3 |  3.0
Armour         | 2 3 4 5 6 7 8 |  8.1
Dodging        | 2 3 4 5 7 9 |  9.5
Maces & Flails | 5 8 11 12 13 15 16 | 16.0
Shields        | 2 4 5 6 |  6.8
Evocations     | 4 6 8 9 |  9.3

Action                   |  1- 3 |  4- 6 |  7- 9 | 10-12 | 13-15 | 16-18 || total
-------------------------+-------+-------+-------+-------+-------+-------++-------
Melee: Club              |    68 |   125 |       |       |       |       ||   193
       Whip              |       |       |   512 |   487 |       |       ||   999
       Punch             |       |       |     9 |     9 |       |       ||    18
       Morningstar       |       |       |       |   358 |  1020 |   111 ||  1489
       Constrict         |       |       |       |       |   232 |    19 ||   251
Throw: Dart              |       |     3 |     3 |    37 |     4 |     9 ||    56
       Boomerang         |       |       |       |     1 |       |       ||     1
Invok: Lunge             |       |     1 |    23 |    44 |    72 |     9 ||   149
       Whirlwind         |       |       |       |    22 |    73 |    13 ||   108
       Serpent's Lash    |       |       |       |     5 |     8 |     2 ||    15
 Abil: Spit Poison       |    23 |    36 |    38 |    32 |    55 |     4 ||   188
       Wall Jump         |       |       |     2 |     1 |       |       ||     3
       Evoke Blink       |       |       |       |     1 |       |       ||     1
Evoke: Wand              |     4 |    22 |     8 |     3 |    12 |       ||    49
       Tin of tremorston |       |       |       |     2 |     3 |     2 ||     7
       Phial of floods   |       |       |       |     1 |     2 |       ||     3
       Box of beasts     |       |       |       |     1 |     1 |       ||     2
  Use: Scroll            |       |       |    14 |    14 |     6 |     1 ||    35
       Potion            |       |       |     1 |     7 |       |       ||     8
 Stab: Sleeping          |       |     1 |     5 |     6 |     4 |     1 ||    17
       Distracted        |       |       |     1 |     1 |     2 |       ||     4
       Paralysed         |       |       |       |     2 |       |       ||     2
Armor: Leather armour    |    30 |    52 |       |       |       |       ||    82
       Robe              |       |       |   194 |   301 |       |       ||   495
       Scale mail        |       |       |       |    18 |   449 |    50 ||   517
Dodge: Dodged            |    37 |    78 |   252 |   350 |   292 |    36 ||  1045
Block: Buckler           |       |       |       |    25 |       |       ||    25
       Kite shield       |       |       |       |    68 |   493 |    57 ||   618

Table legend: (Time is in decaauts)
 A = Elapsed time spent in this place.
 B = Non-inter-level travel time spent in this place.
 C = Inter-level travel time spent in this place.
 D = Time resting spent in this place.
 E = Time spent auto-exploring this place.
 F = Levels seen in this place.
 G = Mean time per level.
                   A        B        C        D        E       F      G
               +--------+--------+--------+--------+--------+-----+--------+
         Total |  33776 |  31748 |   2028 |   4758 |  19210 |  27 | 1251.0 |
       Dungeon |  17116 |  15945 |   1171 |   1844 |  10999 |  13 | 1316.6 |
          Lair |   7064 |   6562 |    502 |    677 |   4213 |   5 | 1412.8 |
   Spider Nest |   4386 |   4153 |    233 |    863 |   2009 |   4 | 1096.5 |
  Orcish Mines |   1997 |   1877 |    120 |    251 |   1114 |   2 |  998.5 |
         Sewer |    366 |    366 |      0 |      0 |    211 |   1 |  366.0 |
        Bailey |   2152 |   2152 |      0 |    968 |    487 |   1 | 2152.0 |
      Gauntlet |    693 |    693 |      0 |    153 |    175 |   1 |  693.0 |
               +--------+--------+--------+--------+--------+-----+--------+

Top non-repeatable levels by time:
     D:5: 2309 daAuts
  Bailey: 2152 daAuts
  Lair:2: 2055 daAuts
     D:6: 1853 daAuts
Spider:1: 1837 daAuts
     D:8: 1831 daAuts
     D:7: 1783 daAuts
     D:4: 1671 daAuts
  Lair:4: 1371 daAuts
  Lair:5: 1290 daAuts
   Orc:2: 1266 daAuts
  Lair:1: 1221 daAuts
     D:1: 1219 daAuts
     D:2: 1187 daAuts
  Lair:3: 1125 daAuts
